 Dungeon Crawl Stone Soup version 0.21.1-1-g345015fe64 (webtiles) character file.

72 Holzbalken the Cudgeler (level 4, -3/35 HPs)
             Began as a Demonspawn Monk on July 15, 2018.
             Slain by smiqu's ghost (8 damage)
             ... on level 3 of the Dungeon.
             The game lasted 00:11:15 (3018 turns).

Holzbalken the Cudgeler (Demonspawn Monk)           Turns: 3018, Time: 00:11:15

Health: -3/35      AC: 11    Str: 12    XL:     4   Next: 6%
Magic:  4/4        EV:  6    Int: 12    God:
Gold:   90         SH:  0    Dex: 15    Spells: 3/3 levels left

rFire    . . .     SeeInvis .   a - +0 mace
rCold    + . .     Gourm    .   (no shield)
rNeg     . . .     Faith    .   g - +0 chain mail
rPois    .         Spirit   .   (no helmet)
rElec    .         Reflect  .   j - +2 cloak
rCorr    .         Harm     .   (no gloves)
MR       .....                  (no boots)
Stlth    ..........             (no amulet)
HPRegen  0.11/turn              (no ring)
MPRegen  0.09/turn              (no ring)

@: no status effects
A: cold resistance 1
a: no special abilities


You were on level 3 of the Dungeon.
You were not hungry.

You visited 1 branch of the dungeon, and saw 3 of its levels.

You collected 90 gold pieces.

Inventory:

Hand Weapons
 a - a +0 mace (weapon)
Armour
 b - a +0 robe
 g - a +0 chain mail (worn)
 j - a +2 cloak (worn)
Scrolls
 d - 2 scrolls of teleportation {unknown}
 f - a scroll of amnesia {unknown}
 m - a scroll of immolation {unknown}
Potions
 e - a potion of haste {unknown}
 h - a potion of brilliance {unknown}
 i - a potion of agility {unknown}
Comestibles
 c - 5 rations
 l - 4 chunks of flesh


   Skills:
 - Level 3.2 Fighting
 + Level 4.1 Maces & Flails
 - Level 2.9 Dodging
 - Level 1.7 Stealth


You had 3 spell levels left.
You didn't know any spells.

Dungeon Overview and Level Annotations

Branches:
Dungeon (3/15)

Altars:
Gozag
Kikubaaqudgha
Trog
Wu Jian

Annotations:
D:3 smiqu's ghost, amateur DsFi


Innate Abilities, Weirdness & Mutations

Your flesh is cold resistant. (rC+)


Message History

You hit smiqu's ghost but do no damage.
Smiqu's ghost is lightly damaged.
Smiqu's ghost hits you but does no damage.
You hit smiqu's ghost but do no damage.
Smiqu's ghost is lightly damaged.
Smiqu's ghost hits you.
You hit smiqu's ghost but do no damage.
Smiqu's ghost is lightly damaged.
Smiqu's ghost hits you but does no damage.
Smiqu's ghost hits you!
* * * LOW HITPOINT WARNING * * *
You hit smiqu's ghost but do no damage.
Smiqu's ghost is lightly damaged.
Smiqu's ghost keens inconsolably.
Smiqu's ghost hits you.
* * * LOW HITPOINT WARNING * * *
You hit smiqu's ghost but do no damage.
Smiqu's ghost is lightly damaged.
Smiqu's ghost hits you!
You die...

#####...####.###...#### ###
##.## #.##.....### ##..# #.#
#........... #....# #.#
####.....##. ≈#..... #.#
#.....##. ≈≈≈.... #.# #.##..###
≈≈≈.≈..###.# #.##..#
≈≈≈≈≈≈.....########.##..###
≈≈≈≈≈≈P..W@...............#
..≈≈≈≈≈≈PP≈.≈..........###.#..
##..≈≈≈≈≈≈≈≈≈≈≈...≈............
...P.≈≈≈≈≈≈≈≈≈≈≈≈≈≈≈P≈≈.≈≈.≈≈.
#......≈P≈≈≈≈≈≈≈≈≈≈≈.≈≈≈≈P≈≈≈≈
#.#....≈≈≈≈≈≈≈≈≈≈≈≈≈≈≈≈≈≈≈≈≈≈P
#......≈.≈≈≈≈≈≈≈≈≈≈≈≈≈PP≈≈≈≈≈≈
#.......≈≈.P.≈≈≈≈.≈≈.≈≈≈≈≈≈≈≈≈
#.............≈≈≈.....≈≈≈≈≈..


You could see smiqu's ghost.

Vanquished Creatures
  An adder (D:3)
  A worm (D:3)
  2 dart slugs (D:1)
  A leopard gecko (D:3)
  An orc (D:3)
  5 bats
  A giant cockroach (D:1)
  4 goblins
  7 hobgoblins
  9 jackals
  3 kobolds
  A quokka (D:2)
  4 frilled lizards
  11 rats
51 creatures vanquished.

Notes
Turn   | Place    | Note
-------+----------+-------------------------------------------
     0 | D:1      | Holzbalken the Demonspawn Monk began the quest for the Orb.
     0 | D:1      | Reached XP level 1. HP: 18/18 MP: 1/1
   177 | D:1      | Gained mutation: Your flesh is cold resistant. (rC+) [demonic ancestry]
   177 | D:1      | Reached XP level 2. HP: 13/24 MP: 2/2
   212 | D:1      | Reached skill level 3 in Maces & Flails
   870 | D:1      | Reached XP level 3. HP: 19/29 MP: 3/3
  1358 | D:2      | Found a bloodstained altar of Trog.
  2254 | D:3      | Noticed smiqu's ghost (amateur DsFi)
  2338 | D:3      | Reached skill level 4 in Maces & Flails
  2726 | D:3      | Reached XP level 4. HP: 33/35 MP: 4/4
  2859 | D:3      | Found an ornate altar of the Wu Jian Council.
  2860 | D:3      | Found an opulent altar of Gozag.
  2881 | D:3      | Found an ancient bone altar of Kikubaaqudgha.
  3018 | D:3      | Slain by smiqu's ghost

Skill      XL: |  1  2  3 |
---------------+----------+-----
Maces & Flails | 3 4 |  4.1
Fighting       | |  3.2
Dodging        | |  2.9
Stealth        | |  1.7

Action                   |  1- 3 |  4- 6 || total
-------------------------+-------+-------++-------
Melee: Mace              |   178 |    43 ||   221
  Use: Potion            |       |     2 ||     2
  Eat: Chunk             |     6 |     1 ||     7
Armor: Robe              |    10 |       ||    10
       Chain mail        |    98 |    24 ||   122
Dodge: Dodged            |    90 |    12 ||   102
